 Dungeon Sprint DCSS version 0.21.1-1-g345015f (webtiles) character file.

40944 Fang the Executioner (level 13, -2/149 HPs)
             Began as a Minotaur Berserker on May 29, 2018.
             Was the Champion of Trog.
             Shot with an arrow by a naga sharpshooter (18 damage)
             ... in the Dungeon (Sprint IX: "|||||||||||||||||||||||||||||").
             The game lasted 00:14:02 (4675 turns).

Fang the Executioner (Minotaur Berserker)           Turns: 4675, Time: 00:14:03

Health: -2/149     AC: 16    Str: 26    XL:     13   Next: 77%
Magic:  12/12      EV: 22    Int:  4    God:    Trog [******]
Gold:   1915       SH:  0    Dex: 21    Spells: 12/12 levels left

rFire    . . .     SeeInvis .   v - +9 executioner's axe of Eternal Night {venom, Dex+10}
rCold    + . .     Gourm    .   (shield currently unavailable)
rNeg     . . .     Faith    .   D - +2 plate armour {rC+}
rPois    .         Spirit   .   (helmet restricted)
rElec    .         Reflect  .   (no cloak)
rCorr    .         Harm     .   (no gloves)
MR       .....     NoTele   +   (no boots)
Stlth    ..........             (no amulet)
HPRegen  0.34/turn              o - +2 ring of evasion
MPRegen  0.13/turn              p - +2 ring of evasion

@: lethally poisoned (-2 -> -6), berserk cooldown, slowed, very slow
A: retaliatory headbutt, horns 2
a: Berserk, Trog's Hand, Brothers in Arms, Burn Spellbooks, Renounce Religion


You were in the Dungeon.
You worshipped Trog.
Trog was exalted by your worship.
You were very hungry.

You visited 1 branch You collected 1915 gold pieces.

Inventory:

Hand Weapons
 b - a +4 antimagic battleaxe
 t - a +2 battleaxe of flaming
 u - the +6 battleaxe of Neurosis {holy, rPois rF+}
   (Trog gifted it to you in the Dungeon)

   It has been blessed by the Shining One to cause great damage to the undead
   and demons.
   It protects you from fire.
   It protects you from poison.
 v - the +9 executioner's axe of Eternal Night (weapon) {venom, Dex+10}
   (Trog gifted it to you in the Dungeon)

   It poisons the flesh of those it strikes.
   It affects your dexterity (+10).
 A - the +3 executioner's axe "Silugh" {chop, rC+ Int+4 SInv}
   (Trog gifted it to you in the Dungeon)

   It inflicts extra damage upon your enemies.
   It affects your intelligence (+4).
   It protects you from cold.
   It lets you see invisible.
 C - a +0 hand axe of freezing
 E - a +5 battleaxe of chopping
Armour
 B - a +2 leather armour of fire resistance
 D - a +2 plate armour of cold resistance (worn)
Jewellery
 a - an uncursed ring of ice
 o - a +2 ring of evasion (left hand)
 p - a +2 ring of evasion (right hand)
 w - a +5 ring of evasion
 x - an uncursed ring of protection from fire
 y - an uncursed ring of ice
Wands
 m - a wand of iceblast (10)
Scrolls
 i - 2 scrolls of blinking
 l - 4 scrolls of remove curse
 q - 5 scrolls of fear
 r - 4 scrolls of enchant weapon
 z - 2 scrolls of fog
Potions
 d - 3 potions of curing
 e - 3 potions of heal wounds
 f - a potion of haste
 g - 4 potions of magic
 h - 3 potions of berserk rage
 j - 2 potions of might
 k - a potion of invisibility
Comestibles
 c - 9 rations
 s - a chunk of flesh


   Skills:
 + Level 23.7 Fighting
 + Level 26.9 Axes
 + Level 10.3 Armour
 + Level 15.3 Dodging
 + Level 5.8 Stealth


You had 12 spell levels left.
You didn't know any spells.

Dungeon Overview and Level Annotations

Branches:
Dungeon (1/1)

Altars:
Cheibriados
Dithmenos
Elyvilon
Fedhas
Gozag
Hepliaklqana
Kikubaaqudgha
Makhleb
Nemelex Xobeh
Okawaru
Qazlal
Ru
Sif Muna
Trog
Uskayaw
Vehumet
Wu Jian
Xom
Yredelemnul
Zin
The Shining One
Beogh
Jiyva
Lugonu

Shops:
D ***}


Innate Abilities, Weirdness & Mutations

You reflexively headbutt those who attack you in melee.
You have a pair of horns on your head.


Message History

You are feeling very hungry.
You slice the naga sharpshooter!! You headbutt the naga sharpshooter.
The naga sharpshooter is severely wounded.
You feel sick.
The naga sharpshooter shoots an arrow.
The arrow barely misses you.
Unknown command.
You barely miss the naga sharpshooter.
The naga sharpshooter is severely wounded.
The naga sharpshooter spits poison at you.
The splash of poison hits you!
You are more poisoned.
Unknown command.
You closely miss the naga sharpshooter. You headbutt the naga sharpshooter!
The naga sharpshooter is severely wounded.
You feel sick.
The naga sharpshooter shoots an arrow.
The arrow closely misses you.
You barely miss the naga sharpshooter. You headbutt the naga sharpshooter.
The naga sharpshooter is almost dead.
You feel sick.
The naga sharpshooter shoots an arrow.
The arrow hits you!!
You die...

♣▓▓▓▓▓▓▓▓▓▓▓▓▓▓▓▓▓▓▓▓▓
))........(†)(((@N...+
♣▓▓▓▓▓▓▓▓▓▓▓▓▓▓▓▓▓▓▓▓▓▓▓▓▓▓▓▓▓▓▓▓
.................................
▓▓▓▓▓▓▓▓▓▓▓▓▓▓▓▓▓▓▓▓▓▓▓▓▓▓▓▓▓▓▓▓▓
[[.[[[[[....(....)'))[)).........
▓▓▓▓▓▓▓▓▓▓▓▓▓▓▓▓▓▓▓▓▓▓▓▓▓▓▓▓▓▓▓▓▓
.................................
▓▓▓▓▓▓▓▓▓▓▓▓▓▓▓▓▓▓▓▓▓▓▓▓▓▓▓▓▓▓▓▓▓
...').)).())....))))).∩.∩.∩.∩....


You could see a naga sharpshooter.

Vanquished Creatures
  Saint Roka (D)
  Frances (D)
  A nagaraja (D)
  A ghost moth (D)
  A very ugly thing (D)
  2 stone giants (D)
  A fire dragon (D)
  4 ogre magi (D)
  An ice dragon (D)
  3 hydras (D)
  2 centaur warriors (D)
  7 two-headed ogres (D)
  A tengu warrior (D)
  A naga sharpshooter (D)
  An orc high priest (D)
  Sonja (D)
  A shock serpent (D)
  2 unseen horrors (D)
  A spriggan druid (D)
  A glowing orange brain (D)
  2 swamp dragons (D)
  An orc knight (D)
  2 lindwurms (D)
  An orb spider (D)
  2 wolf spiders (D)
  An elephant (D)
  2 black mambas (D)
  A naga mage (D)
  2 guardian serpents (D)
  2 spiny frogs (D)
  A yaktaur (D)
  2 gargoyles (D)
  A komodo dragon (D)
  A demonic crawler (D)
  3 trolls (D)
  3 blink frogs (D)
  4 tyrant leeches (D)
  A hippogriff (D)
  2 redbacks (D)
  Eustachio (D)
  2 tarantellas (D)
  2 yaks (D)
  2 water moccasins (D)
  3 porcupines (D)
  14 orc warriors (D)
  3 ogres (D)
  2 centaurs (D)
  2 crocodiles (D)
  6 bullfrogs (D)
  A crimson imp (D)
  An orc priest (D)
  An iguana (D)
  4 orc wizards (D)
  2 worker ants (D)
  2 adders (D)
  3 worms (D)
  A leopard gecko (D)
  11 orcs (D)
  A bat skeleton (D)
  A giant cockroach (D)
  A goblin (D)
  A hobgoblin (D)
  A frilled lizard (D)
  A giant cockroach zombie (D)
137 creatures vanquished.

Notes
Turn   | Place    | Note
-------+----------+-------------------------------------------
     0 | D        | Fang the Minotaur Berserker began the quest for the Orb.
     0 | D        | Reached XP level 1. HP: 19/19 MP: 0/0
     7 | D        | Reached skill level 4 in Axes
    10 | D        | Reached ** piety under Trog
   307 | D        | Noticed a worker ant
   308 | D        | Reached skill level 5 in Fighting
   308 | D        | Reached skill level 5 in Axes
   308 | D        | Reached XP level 2. HP: 29/29 MP: 1/1
   319 | D        | Reached *** piety under Trog
   322 | D        | Reached skill level 6 in Axes
   322 | D        | Reached XP level 3. HP: 37/37 MP: 2/2
   397 | D        | Found a roughly hewn altar of Beogh.
   397 | D        | Found a snail-covered altar of Cheibriados.
   397 | D        | Found a shadowy altar of Dithmenos.
   397 | D        | Found a white marble altar of Elyvilon.
   397 | D        | Found a blossoming altar of Fedhas.
   397 | D        | Found an opulent altar of Gozag.
   398 | D        | Found a hazy altar of Hepliaklqana.
   399 | D        | Found a viscous altar of Jiyva.
   400 | D        | Found an ancient bone altar of Kikubaaqudgha.
   401 | D        | Found a corrupted altar of Lugonu.
   402 | D        | Found a burning altar of Makhleb.
   403 | D        | Found a sparkling altar of Nemelex Xobeh.
   404 | D        | Found an iron altar of Okawaru.
   405 | D        | Found a stormy altar of Qazlal.
   406 | D        | Found a sacrificial altar of Ru.
   407 | D        | Found a deep blue altar of Sif Muna.
   408 | D        | Found a bloodstained altar of Trog.
   409 | D        | Found a hide-covered altar of Uskayaw.
   410 | D        | Found a radiant altar of Vehumet.
   411 | D        | Found an ornate altar of the Wu Jian Council.
   412 | D        | Found a shimmering altar of Xom.
   413 | D        | Found a basalt altar of Yredelemnul.
   414 | D        | Found a glowing silver altar of Zin.
   415 | D        | Found a glowing golden altar of the Shining One.
   445 | D        | Noticed a centaur
   446 | D        | Reached **** piety under Trog
   450 | D        | Killed an unseen horror
   450 | D        | Reached skill level 12 in Axes
   450 | D        | Reached skill level 1 in Stealth
   450 | D        | Reached XP level 4. HP: 55/55 MP: 3/3
   450 | D        | Reached XP level 5. HP: 61/61 MP: 4/4
   450 | D        | Reached XP level 6. HP: 68/68 MP: 5/5
   450 | D        | Reached XP level 7. HP: 74/74 MP: 6/6
   572 | D        | Noticed a yak
   572 | D        | Noticed a two-headed ogre
   572 | D        | Noticed a gargoyle
   572 | D        | Noticed a troll
   579 | D        | Killed a yak
   579 | D        | Reached ***** piety under Trog
   579 | D        | Reached skill level 13 in Axes
   582 | D        | Killed a two-headed ogre
   582 | D        | Reached skill level 14 in Axes
   582 | D        | Reached XP level 8. HP: 86/86 MP: 7/7
   585 | D        | Killed an unseen horror
   585 | D        | Reached skill level 15 in Axes
   585 | D        | Reached XP level 9. HP: 85/95 MP: 8/8
   589 | D        | Killed a gargoyle
   589 | D        | Reached skill level 16 in Axes
   591 | D        | Killed a troll
   868 | D        | Noticed a komodo dragon
   876 | D        | Killed a komodo dragon
   876 | D        | Reached ****** piety under Trog
   877 | D        | Received a gift from Trog
   877 | D        | Reached skill level 15 in Fighting
   878 | D        | Noticed a five-headed hydra
   880 | D        | Reached skill level 17 in Axes
   887 | D        | Reached skill level 10 in Dodging
   891 | D        | HP: 7/145 [eight-headed hydra (10)]
   892 | D        | Killed a nine-headed hydra
   892 | D        | Reached XP level 10. HP: 8/107 MP: 9/9
  1270 | D        | Received a gift from Trog
  1270 | D        | Reached skill level 18 in Axes
  1273 | D        | Noticed an elephant
  1275 | D        | Noticed a spiny frog
  1294 | D        | Killed an elephant
  1297 | D        | Killed a spiny frog
  1326 | D        | Got a slimy battleaxe {god gift}
  1327 | D        | Identified the +6 battleaxe of Neurosis {holy, rPois rF+} (Trog gifted it to you in the Dungeon)
  1541 | D        | Noticed a lindwurm
  1551 | D        | Killed a lindwurm
  1551 | D        | Received a gift from Trog
  1565 | D        | Reached skill level 19 in Axes
  1575 | D        | Noticed a lindwurm
  1585 | D        | HP: 3/110 [lindwurm (10)]
  1586 | D        | Killed a lindwurm
  1586 | D        | Received a gift from Trog
  2030 | D        | Noticed Sonja
  2077 | D        | Killed Sonja
  2293 | D        | Noticed a stone giant
  2302 | D        | Reached XP level 11. HP: 105/117 MP: 10/10
  2305 | D        | Received a gift from Trog
  2311 | D        | Killed a stone giant
  2311 | D        | Reached skill level 20 in Axes
  2323 | D        | Received a gift from Trog
  2472 | D        | Noticed an orc high priest
  2490 | D        | Noticed an orc knight
  2495 | D        | Killed an orc high priest
  2495 | D        | Received a gift from Trog
  2510 | D        | Killed an orc knight
  2847 | D        | Found Zaschoupn's Assorted Antiques.
  2847 | D        | Noticed an ogre mage
  2847 | D        | Noticed a two-headed ogre
  2847 | D        | Noticed a two-headed ogre
  2851 | D        | Killed an ogre mage
  2853 | D        | Killed a two-headed ogre
  2853 | D        | Reached skill level 21 in Axes
  2855 | D        | Noticed a two-headed ogre
  2855 | D        | Killed a two-headed ogre
  2855 | D        | Received a gift from Trog
  2856 | D        | Noticed a two-headed ogre
  2859 | D        | Found Vyuqeom's General Store.
  2859 | D        | Noticed an ogre mage
  2864 | D        | Killed a two-headed ogre
  2864 | D        | Reached skill level 5 in Stealth
  2868 | D        | Noticed a two-headed ogre
  2869 | D        | Killed a two-headed ogre
  2870 | D        | Found Ukugurai's General Store.
  2873 | D        | Killed an ogre mage
  2875 | D        | Found Sewkymme's Gadget Shoppe.
  2877 | D        | Killed a two-headed ogre
  2877 | D        | Received a gift from Trog
  2877 | D        | Reached skill level 22 in Axes
  2877 | D        | Reached XP level 12. HP: 132/132 MP: 11/11
  2879 | D        | Noticed an ogre mage
  2880 | D        | Noticed a two-headed ogre
  2881 | D        | Noticed an ogre mage
  2887 | D        | Killed an ogre mage
  2893 | D        | Killed a two-headed ogre
  2896 | D        | Killed an ogre mage
  2937 | D        | Got a sapphire executioner's axe {god gift}
  3158 | D        | Identified the +9 executioner's axe of Eternal Night {venom, Dex+10} (Trog gifted it to you in the Dungeon)
  3359 | D        | Noticed a tengu warrior
  3359 | D        | Noticed a centaur warrior
  3363 | D        | Killed a tengu warrior
  3366 | D        | Noticed a centaur warrior
  3368 | D        | Killed a centaur warrior
  3368 | D        | Received a gift from Trog
  3370 | D        | Noticed a stone giant
  3374 | D        | Noticed a red very ugly thing
  3384 | D        | Noticed an ice dragon
  3388 | D        | Killed a stone giant
  3388 | D        | Reached skill level 23 in Axes
  3390 | D        | Noticed a fire dragon
  3396 | D        | Killed a red very ugly thing
  3396 | D        | Received a gift from Trog
  3400 | D        | Killed a centaur warrior
  3412 | D        | Killed an ice dragon
  3421 | D        | Killed a fire dragon
  3421 | D        | Reached skill level 24 in Axes
  3772 | D        | Noticed Eustachio
  3776 | D        | Noticed Saint Roka
  3779 | D        | Received a gift from Trog
  3780 | D        | Killed Eustachio
  3795 | D        | Killed Saint Roka
  3795 | D        | Reached XP level 13. HP: 41/145 MP: 10/12
  3802 | D        | Received a gift from Trog
  3805 | D        | Got a fine executioner's axe {god gift}
  3806 | D        | Identified the +3 executioner's axe "Silugh" {chop, rC+ Int+4 SInv} (Trog gifted it to you in the Dungeon)
  4174 | D        | Noticed Frances
  4186 | D        | Killed Frances
  4186 | D        | Reached skill level 25 in Axes
  4186 | D        | Reached skill level 15 in Dodging
  4382 | D        | Received a gift from Trog
  4477 | D        | Received a gift from Trog
  4486 | D        | Reached skill level 26 in Axes
  4488 | D        | Killed a ghost moth
  4501 | D        | Received a gift from Trog
  4645 | D        | Noticed a nagaraja
  4655 | D        | Killed a nagaraja
  4655 | D        | Received a gift from Trog
  4655 | D        | Reached skill level 10 in Armour
  4675 | D        | Shot with an arrow by a naga sharpshooter

Skill      XL: |  1  2  3  4  5  6  7  8  9 10 11 12 13 |
---------------+----------------------------------------+-----
Fighting       | 5 6 11 13 14 15 17 19 22 23 | 23.7
Axes           | 5 6 12 14 15 17 19 22 24 26 | 26.9
Armour         | 3 6 7 8 10 | 10.3
Dodging        | 3 6 7 8 10 11 13 14 15 | 15.3
Stealth        | 1 2 3 5 |  5.8

Action                   |  1- 3 |  4- 6 |  7- 9 | 10-12 | 13-15 || total
-------------------------+-------+-------+-------+-------+-------++-------
Melee: Hand axe          |    26 |       |       |       |       ||    26
       Headbutt          |     5 |       |     3 |    61 |    27 ||    96
       War axe           |     4 |       |    42 |    29 |       ||    75
       Battleaxe         |       |       |       |   139 |       ||   139
       Executioner's axe |       |       |       |    51 |    81 ||   132
Invok: Berserk           |     2 |       |     2 |     7 |     2 ||    13
  Use: Potion            |       |       |       |     9 |     2 ||    11
  Eat: Chunk             |       |       |     2 |    12 |     2 ||    16
       Ration            |       |       |       |     1 |     1 ||     2
Armor: Animal skin       |     2 |       |     1 |     6 |       ||     9
       Leather armour    |       |       |       |     4 |       ||     4
       Plate armour      |       |       |       |       |    13 ||    13
Dodge: Dodged            |    21 |       |    31 |   162 |    41 ||   255
